 Dungeon Crawl Stone Soup version 0.27.0-1-g7a089689b8 (webtiles) character file.

Game seed: 3404398928206410359

53 sanka the Ducker (level 3, -1/24 HPs)
             Began as a Merfolk Necromancer on Aug 7, 2021.
             Slain by a worm (10 damage)
             ... on level 2 of the Dungeon.
             The game lasted 00:02:05 (2245 turns).

sanka the Ducker (Merfolk Necromancer)              Turns: 2245, Time: 00:02:06

Health: -1/24      AC:  2    Str:  8    XL:     3   Next: 87%
Magic:  3/6        EV: 14    Int: 14    God:
Gold:   17         SH:  0    Dex: 15    Spells: 5/6 levels left

rFire    . . .     SeeInvis .   g - +0 flail
rCold    . . .     Faith    .   (no shield)
rNeg     . . .     Spirit   .   a - +0 robe
rPois    .         Reflect  .   (no helmet)
rElec    .         Harm     .   (no cloak)
rCorr    .         Rampage  .   (no gloves)
Will     .....                  (no boots)
Stlth    ++........             (no amulet)
HPRegen  0.08/turn              (no ring)
MPRegen  0.10/turn              (no ring)

@: no status effects
A: (nimble swimmer 2), mertail
a: no special abilities


You were on level 2 of the Dungeon.
You visited 1 branch of the dungeon, and saw 2 of its levels.

You collected 17 gold pieces.


Innate Abilities, Weirdness & Mutations

((You are quick and stealthy near water. (Stealth+, EV+, Speed+++)))
Your lower body shifts to a powerful aquatic tail in water.


   Skills:
 + Level 0.0 Fighting
 + Level 5.4 Dodging
 - Level 2.1 Stealth
 - Level 2.0 Spellcasting
 - Level 3.2 Necromancy


You had 5 spell levels left.
You knew the following spells:

 Your Spells              Type           Power      Damage    Failure   Level
z - Pain                  Necr           40%        1d6       6%          1

Your spell library contained the following spells:

 Spells                   Type           Power      Damage    Failure   Level
 Animate Skeleton         Necr           20%        N/A       6%          1
 Vampiric Draining        Necr           5%         2d6       19%         3
 Animate Dead             Necr           5%         N/A       52%         4
 Agony                    Necr           10%        N/A       86%         5

Inventory:

Hand Weapons
 b - a +0 dagger
 g - a +0 flail (weapon)
Armour
 a - a +0 robe (worn)
Scrolls
 e - a scroll of identify {unknown}
 f - a scroll of enchant weapon {unknown}
Potions
 c - 2 potions of curing {unknown}
 d - a potion of resistance {unknown}
 h - a potion of brilliance {unknown}

Dungeon Overview and Level Annotations

Branches:
Dungeon (2/15)

Altars:

Shops:
D:1

!
▒...▒.▒......▒.▒.▒†▒.▒▒▒▒▒
▒...▒.▒▒▒▒▒▒.▒....†.......
▒.▒...▒.▒ ▒.▒▒▒........▒.
▒.......▒▒▒▒▒▒.▒
▒...▒.▒▒.▒. ▒▒▒.......▒..
............. ▒.▒.▒▒▒.▒.▒
.............. ▒
▒.▒▒▒.▒.▒▒▒▒▒......▒..▒.
▒.......)..▒▒...........
▒..▒▒£▒m▒▒.▒▒.........▒.
.... ...▒w▒ ▒..▒........
▒▒▒...▒▒▒.. ▒......▒▒ ▒...
▒▒▒. ▒.▒▒▒▒▒▒ .... .▒ ▒.▒
▒ ..


You could see a worm.


Message History

No target in view!
Found a stone staircase leading up.
h - a metallic black potion Key pressed, stopping explore.
Found 11 gold pieces.
A goblin comes into view. It is wielding a +0 club.
A goblin is nearby!
A goblin is nearby!
The goblin shouts!
You closely miss the goblin. The goblin hits you but does no damage.
You hit the goblin.
The goblin is severely wounded.
The goblin hits you with a +0 club. The goblin hits you with a +0 club.
You hit the goblin.
You kill the goblin!
No target in view!
A worm comes into view.
A worm is nearby!
A worm is nearby!
The worm writhes in agony.
The worm writhes in agony.
The worm struggles to resist.
The worm bites you!
* * * LOW HITPOINT WARNING * * *
You hit the worm but do no damage.
The worm is moderately wounded.
The worm bites you!
You die...

Action                   || total
-------------------------++-------
Melee: Unarmed           ||     6
       Dagger            ||    17
       Flail             ||    16
 Cast: Pain              ||    73
 Stab: Sleeping          ||     1
Armor: Robe              ||    11
Dodge: Dodged            ||    40

Levels and vault maps discovered:
D:1:      lordsloth_arrival_two_stooges, layout_basic, serial_shops, shop,
          bh_walls_and_bars
D:2:      layout_loops_cross, basic_altar, minmay_misc_feat_four_crosses

Notes
Turn   | Place    | Note
-------+----------+-------------------------------------------
     0 | D:1      | sanka the Merfolk Necromancer began the quest for the Orb.
     0 | D:1      | Reached XP level 1. HP: 13/13 MP: 3/3
    86 | D:1      | Reached skill level 3 in Dodging
   336 | D:1      | Reached XP level 2. HP: 15/19 MP: 0/5
   533 | D:1      | Reached skill level 4 in Dodging
  1220 | D:1      | Found Siph's Distillery.
  1314 | D:1      | Reached XP level 3. HP: 23/24 MP: 4/6
  1840 | D:2      | Reached skill level 5 in Dodging
  2245 | D:2      | Slain by a worm

Vanquished Creatures
  An adder (D:2)
  An orc (D:2)
  5 ball pythons
  3 bats (D:1)
  5 endoplasms
  2 giant cockroaches
  4 goblins
  6 hobgoblins
  3 jackals (D:1)
  3 kobolds
  A frilled lizard (D:1)
  A rat (D:2)
35 creatures vanquished.
